 Dungeon Crawl Stone Soup version 0.21-a0-404-g291f19a (webtiles) character file.

130 exp172 the Skirmisher (level 4, -1/35 HPs)
             Began as a Demonspawn Abyssal Knight on Oct 27, 2017.
             Was a Believer of Lugonu.
             Slain by Terence
             ... wielding a +0 hand axe of electrocution
              (11 damage)
             ... on level 3 of the Dungeon.
             The game lasted 00:23:05 (2921 turns).

exp172 the Skirmisher (Demonspawn Abyssal Knight)   Turns: 2921, Time: 00:23:06

Health: -1/35      AC: 12    Str: 13    XL:     4   Next: 90%
Magic:  0/5        EV:  6    Int: 13    God:    Lugonu [**....]
Gold:   143        SH:  0    Dex: 13    Spells: 3/3 levels left

rFire    . . .     SeeInvis .   a - +1 falchion
rCold    . . .     Gourm    .   (no shield)
rNeg     . . .     Faith    .   q - +2 chain mail {MR+}
rPois    .         Spirit   +   (no helmet)
rElec    .         Reflect  .   (no cloak)
rCorr    .         Harm     .   (no gloves)
MR       +....                  m - +0 pair of boots
Stlth    ..........             (no amulet)
HPRegen  0.11/turn              (no ring)
MPRegen  0.09/turn              (no ring)

@: no status effects
A: hooves 1, magic shield
a: Depart the Abyss, Bend Space, Renounce Religion


You were on level 3 of the Dungeon.
You worshipped Lugonu.
Lugonu was pleased with you.
You were not hungry.

You visited 1 branch of the dungeon, and saw 3 of its levels.
You visited the Abyss 1 time.

You collected 143 gold pieces.

Inventory:

Hand Weapons
 a - a +1 falchion (weapon)
 p - a +0 hunting sling
Missiles
 d - 19 arrows
 e - 58 stones (quivered)
Armour
 m - a +0 pair of boots (worn)
 q - a +2 chain mail of magic resistance (worn)
Scrolls
 b - 2 scrolls of identify
 g - a scroll of enchant armour {unknown}
 h - a scroll of remove curse {unknown}
 i - a scroll of blinking {unknown}
 k - a scroll of teleportation {unknown}
 n - 2 scrolls of magic mapping {unknown}
Potions
 o - a potion of cancellation {unknown}
Comestibles
 c - a bread ration
 f - 4 fruits
 j - 2 royal jellies
 l - a meat ration


   Skills:
 + Level 3.5 Fighting
 * Level 3.2 Long Blades
 + Level 0.7 Slings
 * Level 3.0 Armour
 + Level 1.0 Dodging
 + Level 0.1 Stealth
 - Level 2.4 Invocations


You had 3 spell levels left.
You didn't know any spells.

Dungeon Overview and Level Annotations

Branches:
Dungeon (3/15)

Altars:
Fedhas
Qazlal

Annotations:
D:3 Terence


Innate Abilities, Weirdness & Mutations

You have large cloven feet.
When hurt, damage is shared between your health and your magic reserves.


Message History

Terence completely misses you.
You hit Terence.
Terence is heavily wounded.
Terence closely misses you.
You closely miss Terence.
Terence is heavily wounded.
Terence completely misses you.
You closely miss Terence.
Terence is heavily wounded.
Terence says, "How do you enjoy it?" Terence hits you but does no damage.
You hit Terence.
Terence is severely wounded.
Terence hits you but does no damage.
You are electrocuted!
Terence hits you with a hand axe of electrocution.
* * * LOW HITPOINT WARNING * * *
You hit Terence.
Terence is almost dead.
Terence hits you but does no damage.
You are electrocuted!
You die...

#.### ##†....## #....#
#.# ##...## #.#### #.#
##+## #.# #.# #.######
#.# #.# #########.##...#
#.# #†# #.........##...#
#.# #.#
#.######...#...####.# #.#
#.# ###...........#.#
#.###.###(.@@(.(......#.#
#.....((..##....###..)#.#
#####(######..#.# #.....#
#.# #..#.###.#####
#.######..#.....#
########.........#######
.>......########.#
#.######.## #.#
#.......).# #.#


You could see Terence.

Vanquished Creatures
  4 adders
  4 worms (D:3)
  2 dart slugs
  3 leopard geckos (D:1)
  An orc (D:3)
  A ball python (D:1)
  3 giant cockroaches
  9 goblins
  7 hobgoblins
  8 jackals
  9 bats
  6 frilled lizards
  8 kobolds
  7 rats
72 creatures vanquished.

Notes
Turn   | Place    | Note
-------+----------+-------------------------------------------
     0 | Abyss:1  | exp172 the Demonspawn Abyssal Knight began the quest for the Orb.
     0 | Abyss:1  | Reached XP level 1. HP: 18/18 MP: 2/2
     0 | D:1      | Escaped the Abyss
    62 | D:1      | Reached * piety under Lugonu
   357 | D:1      | Gained mutation: When hurt, damage is shared between your health and your magic reserves. [demonic ancestry]
   357 | D:1      | Reached XP level 2. HP: 22/24 MP: 3/3
   984 | D:1      | Gained mutation: You have large cloven feet. [demonic ancestry]
   984 | D:1      | Reached XP level 3. HP: 27/29 MP: 4/4
  1235 | D:2      | Reached skill level 1 in Dodging
  1622 | D:2      | Reached ** piety under Lugonu
  1648 | D:2      | Reached XP level 4. HP: 35/35 MP: 5/5
  2259 | D:3      | Found a stormy altar of Qazlal.
  2265 | D:3      | Found a blossoming altar of Fedhas.
  2859 | D:3      | Noticed Terence
  2921 | D:3      | Slain by Terence

Vault maps used:
D:1:      mushboom_english_gardens
D:2:      first_bread, grunt_ministairs_4
D:3:      grunt_temple_overflow_forces_of_nature, uniq_terence, uniq_sigmund
Abyss:1:  minivault_25

Skill      XL: |  1  2  3  4 |
---------------+-------------+-----
Long Blades    | 2 3 |  3.2
Armour         | 2 3 |  3.0
Dodging        | 1 |  1.0
Fighting       | |  3.5
Slings         | |  0.7
Stealth        | |  0.1
Invocations    | |  2.4

Action                   |  1- 3 |  4- 6 || total
-------------------------+-------+-------++-------
Melee: Falchion          |   107 |   102 ||   209
       Kick              |     5 |       ||     5
 Fire: Hunting sling     |     6 |    38 ||    44
Invok: Depart the Abyss  |     1 |       ||     1
       Bend Space        |       |     3 ||     3
  Use: Scroll            |       |     1 ||     1
  Eat: Chunk             |     2 |       ||     2
       Bread ration      |       |     1 ||     1
Armor: Leather armour    |    14 |       ||    14
       Scale mail        |    41 |    35 ||    76
       Chain mail        |       |    12 ||    12
Dodge: Dodged            |    64 |    44 ||   108
       Rpst.: Falchion   |    22 |    14 ||    36

Table legend:
 A = Spawn XP
 B = Non-spawn XP
 C = Spawn XP percentage of total XP
 D = Spawn monster count
 E = Non-spawn monster count
 F = Spawn count percentage of total count
 G = Total turns spent on level
                    A         B        C        D         E        F      G
               +---------+---------+-------+---------+---------+-------+---------
         Total |       0 |     187 |   0.0 |       0 |      72 |   0.0 |  2921
               +---------+---------+-------+---------+---------+-------+---------
           D:1 |       0 |      41 |   0.0 |       0 |      23 |   0.0 |  1016
           D:2 |       0 |      74 |   0.0 |       0 |      29 |   0.0 |   954
           D:3 |       0 |      72 |   0.0 |       0 |      20 |   0.0 |   951
               +---------+---------+-------+---------+---------+-------+---------
